 Dungeon Crawl Stone Soup version 0.28.0-43-g3370ac3207 (webtiles) character file.

Game seed: 17578913464553171747

700 pkoi the Zephyrmancer (level 7, -2/50 HPs)
             Began as a Black Draconian Air Elementalist on Mar 18, 2022.
             Was a Follower of Cheibriados.
             Slain by a centaur (4 damage)
             ... on level 8 of the Dungeon.
             The game lasted 00:07:50 (6315 turns).

pkoi the Zephyrmancer (DrAE)                        Turns: 6315, Time: 00:07:50

Health: -2/50      AC:  9    Str: 12    XL:     7   Next: 38%
Magic:  0/11       EV: 12    Int: 20    God:    Cheibriados [*.....]
Gold:   215        SH:  0    Dex: 13    Spells: 4/12 levels left

rFire   . . .      SeeInvis .   g - staff of air
rCold   + . .      Faith    .   (no shield)
rNeg    . . .      Spirit   .   (armour unavailable)
rPois   .          Reflect  .   (helmet restricted)
rElec   +          Harm     .   i - +2 cloak {Stlth+}
rCorr   .          Rampage  .   (no gloves)
Will    .....                   (no boots)
Stlth   +++.......              (no amulet)
HPRegen 0.16/turn               e - ring of protection from cold
MPRegen 0.12/turn               (no ring)

@: very slow
A: breathe lightning, AC +6, unfitting armour, electricity resistance,
cold-blooded
a: Breathe Lightning, Renounce Religion, Bend Time


You were on level 8 of the Dungeon.
You worshipped Cheibriados.
Cheibriados was aware of your devotion.
You visited 1 branch of the dungeon, and saw 6 of its levels.

You collected 215 gold pieces.

Inventory:

Hand Weapons
 a - a +2 dagger of pain
 b - a +0 dagger
Armour
 i - a +2 cloak of stealth (worn)
Magical Staves
 g - a staff of air (weapon)
Jewellery
 e - a ring of protection from cold (left hand)
Scrolls
 c - a scroll of teleportation
 h - a scroll of enchant armour


   Skills:
 - Level 1.7 Dodging
 - Level 1.7 Stealth
 - Level 3.0 Spellcasting
 - Level 1.0 Conjurations
 * Level 9.1 Air Magic
 + Level 3.5 Invocations


You had 4 spell levels left.
You knew the following spells:

 Your Spells              Type           Power      Damage    Failure   Level
a - Shock                 Conj/Air       100%       1d9       1%          1
b - Swiftness             Air            56%        N/A       1%          3
c - Airstrike             Air            28%        N/A       3%          4

Your spell library contained the following spells:

 Spells                   Type           Power      Damage    Failure   Level
 Static Discharge         Conj/Air       34%        N/A       2%          2
 Borgnjor's Revivificati  Necr           1%         N/A       100%        8
 Necromutation            Tmut/Necr      1%         N/A       100%        8
 Death's Door             Necr           1%         N/A       100%        9


Dungeon Overview and Level Annotations

Branches:
Dungeon (5/15)
 Temple: D:4-7

Altars:
Ashenzari
Cheibriados
Okawaru

Annotations:
D:3 2 transporters, WaxSun's ghost, amateur OgFE


Innate Abilities, Weirdness & Mutations

You can breathe wild blasts of lightning.
Your glossy black scales are hard. (AC +6)
You cannot fit into any form of body armour.
You are resistant to electric shocks. (rElec)
You are cold-blooded and may be slowed by cold attacks.


Message History

The centaur shoots an arrow.
The arrow hits you.
* * * LOW HITPOINT WARNING * * *
The centaur shoots an arrow.
The arrow hits you but does no damage.
The centaur shoots an arrow.
The arrow hits you but does no damage.
The centaur shoots an arrow.
The arrow hits you but does no damage.
The centaur shoots an arrow.
The arrow hits you!
* * * LOW HITPOINT WARNING * * *
Aiming: Shock (safe; 1% risk of failure)
Press: ? - help, Q - select action, (/) - cycle Shift-Dir - straight line, f - centaur
Aim: a centaur, wielding a +0 shortbow and quivering arrows (severely wounded, 84% to hit)
You feel a surge of power!
The zap hits the centaur.
The centaur is almost dead.
The centaur shoots an arrow.
The arrow hits you!
* * * LOW HITPOINT WARNING * * *
The centaur unwields a +0 shortbow.
The centaur hits you but does no damage.
The centaur kicks you but does no damage.
You closely miss the centaur.
The centaur is almost dead.
The centaur hits you but does no damage.
The centaur kicks you but does no damage.
You hit the centaur but do no damage.
The centaur is almost dead.
The centaur hits you but does no damage.
The centaur kicks you but does no damage.
The centaur barely misses you.
The centaur kicks you but does no damage.
You hit the centaur but do no damage.
The centaur is almost dead.
The centaur hits you but does no damage.
The centaur kicks you but does no damage.
The centaur hits you but does no damage.
The centaur kicks you.
* * * LOW HITPOINT WARNING * * *
You hit the centaur but do no damage.
The centaur is almost dead.
You feel less wooden.
Your +2 cloak of stealth unmelds from your body.
You feel stealthy. The centaur hits you.
You die...

...<..#
#.....#
#.....#
#.....#
#.....#
#.# #.#
#c# #@#
#..#
#.#.#
##.## .
#. ..
##


You could see a centaur.

Vanquished Creatures
  A shadow (D:5)
  A necrophage (D:5)
  4 killer bees (D:8)
  A centaur zombie (D:4)
  A bullfrog zombie (D:5)
  Crazy Yiuf (D:4)
  An iguana (D:5)
  Jessica (D:2)
  A hound skeleton (D:4)
  5 adders
  A shadow imp (D:5)
  An adder skeleton (D:4)
  2 worms
  An orc (D:4)
  9 ball pythons
  8 bats
  7 endoplasms
  2 giant cockroaches
  7 goblins
  4 hobgoblins
  A quokka (D:1)
  4 frilled lizards
  6 kobolds
  4 rats
74 creatures vanquished.

Vanquished Creatures (others)
  A quokka (D:5)
1 creature vanquished.

Grand Total: 75 creatures vanquished

Notes
Turn   | Place    | Note
-------+----------+-------------------------------------------
     0 | D:1      | pkoi the Draconian Air Elementalist began the quest for the
                  | Orb.
     0 | D:1      | Reached XP level 1. HP: 14/14 MP: 3/3
   140 | D:1      | Found a faded altar of an unknown god.
   474 | D:1      | Reached XP level 2. HP: 20/20 MP: 1/5
   965 | D:2      | Reached skill level 4 in Air Magic
  1340 | D:2      | Reached XP level 3. HP: 16/26 MP: 6/6
  1990 | D:2      | Learned a level 3 spell: Swiftness
  2451 | D:2      | Noticed Jessica
  2479 | D:2      | Killed Jessica
  2480 | D:2      | Reached skill level 5 in Air Magic
  2480 | D:2      | Reached XP level 4. HP: 18/33 MP: 2/7
  2984 | D:3      | Found a transporter.
  2987 | D:3      | Noticed WaxSun's ghost (amateur OgFE)
  3362 | D:3      | Found a transporter.
  3500 | D:3      | Found an iron altar of Okawaru.
  3797 | D:3      | Found a snail-covered altar of Cheibriados.
  3866 | D:3      | Became a worshipper of Cheibriados the Contemplative
  4034 | D:3      | Found a broken altar of Ashenzari.
  4611 | D:4      | Reached skill level 6 in Air Magic
  4611 | D:4      | Reached XP level 5. HP: 26/38 MP: 4/8
  4813 | D:4      | Learned a level 4 spell: Airstrike
  5501 | D:4      | Found a runed translucent door.
  5522 | D:4      | Noticed Crazy Yiuf
  5683 | D:4      | Killed Crazy Yiuf
  5795 | D:5      | Entered Level 5 of the Dungeon
  5804 | D:5      | Reached skill level 1 in Invocations
  6071 | D:5      | Noticed a shadow
  6081 | D:5      | Killed a shadow
  6081 | D:5      | Reached * piety under Cheibriados
  6082 | D:5      | Reached XP level 6. HP: 44/45 MP: 4/10
  6188 | D:5      | Reached skill level 7 in Air Magic
  6188 | D:5      | Your scales start taking on a glossy black colour.
  6188 | D:5      | Reached skill level 8 in Air Magic
  6188 | D:5      | Reached XP level 7. HP: 35/50 MP: 3/11
  6188 | D:5      | Gained mutation: You are resistant to electric shocks.
                  | (rElec) [Black Draconian growth]
  6282 | D:5      | You fall into a shaft and drop 3 floors!
  6306 | D:8      | Reached skill level 9 in Air Magic
  6310 | D:8      | HP: 2/75 [centaur/arrow (12)]
  6315 | D:8      | Slain by a centaur

Illustrated notes

Levels and vault maps discovered:
D:1:      dpeg_arrival_connections, layout_rooms, serial_forest,
          infiniplex_forest_clump_double, infiniplex_forest_straight_3,
          infiniplex_forest_clump_C, infiniplex_forest_lined_1,
          infiniplex_forest_clump_curved, shapermc_ecumenical_altar_pompeii,
          minmay_tromino_mix6
D:2:      layout_basic, serial_forest, infiniplex_forest_lined_corner,
          infiniplex_forest_end_double, infiniplex_forest_lined_room_,
          infiniplex_forest_lined_room_2, uniq_jessica
D:3:      minmay_chambers_of_twos, layout_loops_ring,
          lemuel_coloured_pillars_altar, cheibrodos_worm_habitat,
          mainiacjoe_overflow_24_doors, gammafunk_ghost_mausoleum
D:4:      layout_basic, serial_forest, infiniplex_forest_3_way,
          infiniplex_forest_fountain, infiniplex_forest_clump_C,
          infiniplex_forest_end_2, infiniplex_forest_split,
          infiniplex_forest_lined_1, infiniplex_forest_straight_3,
          infiniplex_forest_lined_2, infiniplex_forest_side_room,
          uniq_crazy_yiuf_cottage
D:5:      layout_basic, grunt_temple_overflow_forces_of_nature,
          nemelex_diamond_rough_becter, nicolae_overflow_crystal_walls,
          elyvilon_altar_4, minmay_temple_entry_butterflies, uniq_sigmund,
          uniq_ijyb, uniq_edmund
D:8:      layout_loops_cross, grunt_temple_overflow_champion_of_chaos,
          serial_shops, nicolae_shop_crystal

Skill      XL: |  1  2  3  4  5  6  7 |
---------------+----------------------+-----
Air Magic      | 4 5 6 8 9 |  9.1
Invocations    | 2 3 |  3.5
Spellcasting   | 3 |  3.0
Dodging        | |  1.7
Stealth        | |  1.7
Conjurations   | |  1.0

Action                   |  1- 3 |  4- 6 |  7- 9 || total
-------------------------+-------+-------+-------++-------
Melee: Dagger            |    74 |    21 |       ||    95
       Unarmed           |     9 |       |       ||     9
       Tailslap          |     5 |     5 |       ||    10
       Punch             |     2 |     2 |       ||     4
       Staff             |       |    15 |     9 ||    24
 Cast: Shock             |    42 |    92 |    13 ||   147
  Use: Scroll            |     2 |     3 |       ||     5
       Potion            |     1 |     5 |     2 ||     8
 Stab: Sleeping          |     2 |       |       ||     2
Armor: Skin              |    18 |    23 |    33 ||    74
Dodge: Dodged            |    48 |    30 |    14 ||    92
